 Dungeon Crawl Stone Soup version 0.18.1-6-gd335043 (webtiles) character file.

176684 magipi the Covert (level 17, -15/89 HPs)
             Began as a Spriggan Fire Elementalist on May 17, 2016.
             Was a High Priest of Fedhas.
             Engulfed by Tina the Cloud Mage's thunder (77 damage)
             ... in a wizard's laboratory on May 20, 2016.
             The game lasted 05:59:33 (43501 turns).

magipi the Covert (Spriggan Fire Elementalist)     Turns: 43501, Time: 05:59:34

Health: -15/89     AC:  7    Str: 10    XL:     17   Next: 24%
Magic:  0/32       EV: 29    Int: 25    God:    Fedhas [*****.]
Gold:   1339       SH:  0    Dex: 21    Spells: 8 memorised, 11 levels left

rFire  + . .     SeeInvis +     a - +4 dagger (elec)
rCold  . . .     Gourm    .     k - +2 robe {rF+}
rNeg   . . .     Faith    .     (shield restricted)
rPois  .         Spirit   +     t - +2 hat {Int+3}
rElec  .         Dismiss  .     Y - +0 cloak (curse)
rCorr  .         Reflect  .     (gloves unavailable)
SustAt .         Harm     .     (boots unavailable)
MR     ++...                    d - amulet of guardian spirit
Stlth  ++++++++..               I - ring "Xidej" {Str+4 Dex+2 SInv Stlth+}
                                q - ring of Fixation {Wiz Int+3 Stlth+}

@: very slightly contaminated, very quick, very resistant to hostile
enchantments, extraordinarily stealthy
A: unfitting armour, see invisible, blink, herbivore 3, speed 3, sense
surroundings 1, slow metabolism 2
a: Blink, Evolution, Sunlight, Growth, Reproduction, Rain, Renounce Religion
}: 1/15 runes: barnacled


You were in a wizard's laboratory.
You worshipped Fedhas.
Fedhas was extremely pleased with you.
You were full.

You visited 7 branches of the dungeon, and saw 34 of its levels.
You also visited: Labyrinth, Trove and Wizlab.

You collected 3243 gold pieces.
You spent 1904 gold pieces at shops.

Inventory:

Hand Weapons
 a - a +4 dagger of electrocution (weapon)
 b - a +0 blowgun
Missiles
 z - 16 curare-tipped needles
 D - 5 needles of sleeping
 L - 35 poisoned needles
 P - 8 throwing nets (quivered)
Armour
 k - a +2 robe of fire resistance (worn)
 t - a +2 hat of intelligence (worn)
 X - a +2 robe of positive energy
 Y - a cursed +0 cloak (worn)
Rods
 e - a +4 rod of ignition (12/12)
   (You took it off a minotaur in a labyrinth)
Jewellery
 c - an uncursed ring of protection from cold
 d - an amulet of guardian spirit (around neck)
 f - an uncursed ring of protection from fire
 g - a +4 ring of protection
 p - an uncursed ring of poison resistance
 q - the ring of Fixation (left hand) {Wiz Int+3 Stlth+}
   (You found it in a labyrinth)

   [ring of wizardry]

   It improves your spell success rate.
   It affects your intelligence (+3).
   It makes you more stealthy.
 r - an uncursed amulet of regeneration
 s - an uncursed ring of resist corrosion
 u - an uncursed ring of flight
 I - the ring "Xidej" (right hand) {Str+4 Dex+2 SInv Stlth+}
   (You took it off a minotaur in a labyrinth)

   [ring of stealth]

   It affects your strength (+4).
   It affects your dexterity (+2).
   It lets you see invisible.
   It makes you more stealthy.
 J - an uncursed ring of protection from magic
Wands
 y - a wand of confusion (23/48)
 B - a wand of disintegration (16/24)
 E - a wand of iceblast (4/15)
 G - a wand of lightning (13/15)
 N - a wand of digging (11/24)
 R - a wand of hasting (5/9)
 S - a wand of paralysis (11/24)
Scrolls
 i - 7 scrolls of teleportation
 l - 2 scrolls of fog
 n - 8 scrolls of remove curse
 x - 4 scrolls of blinking
 C - 9 scrolls of recharging
 O - a scroll of magic mapping
Potions
 h - 2 potions of cancellation
 j - 12 potions of curing
 m - 6 potions of might
 w - a potion of agility
 F - 3 potions of haste
 H - 3 potions of resistance
 U - 7 potions of flight
Miscellaneous
 v - a sack of spiders {used: 2}
 W - a disc of storms
Comestibles
 A - 6 bread rations
 Q - 9 fruits


   Skills:
 - Level 10.0 Fighting
 - Level 10.0 Short Blades
 - Level 10.0 Throwing
 - Level 11.0 Dodging
 - Level 12.0 Stealth
 - Level 10.3 Spellcasting
 - Level 9.0 Conjurations
 - Level 10.0 Hexes
 - Level 9.0 Fire Magic
 + Level 9.5 Ice Magic
 - Level 8.6 Invocations
 - Level 10.0 Evocations


You had 11 spell levels left.
You knew the following spells:

 Your Spells              Type           Power        Failure   Level  Hunger
a - Flame Tongue          Conj/Fire      #####        1%          1    None
b - Conjure Flame         Conj/Fire      ######..     1%          3    None
c - Sticky Flame          Conj/Fire      ######..     1%          4    None
d - Inner Flame           Hex/Fire       ######..     1%          3    None
e - Confuse               Hex            ######..     1%          3    None
f - Ensorcelled Hibernat  Hex/Ice        ######       1%          2    None
g - Dazzling Spray        Conj/Hex       ######..     1%          3    None
I - Invisibility          Hex            ######..     6%          6    #####..


Dungeon Overview and Level Annotations

Branches:
Dungeon (14/15)            Temple (1/1) D:7            Lair (8/8) D:10
 Shoals (4/4) Lair:4       Spider (4/4) Lair:5        Slime (0/6) Lair:6
    Orc (2/2) D:11            Elf (0/3) Orc:2        Vaults (1/5) D:14

Altars:
Elyvilon
Fedhas
Beogh

Shops:
D:7 [   Orc:2 *%[(   Shoals:4 (

Annotations:
D:11 exclusion: efreet
D:13 exclusion: 2 downstairs
Shoals:4 Ilsuiw
Spider:3 Mara
Spider:4 Aizul


Innate Abilities, Weirdness & Mutations

You are tiny and cannot use many weapons and most armour.
You have supernaturally acute eyesight.
You are a herbivore.
You cover ground extremely quickly.
You need consume almost no food.
You can translocate small distances at will.
You passively map a small area around you.


Message History

Select plant or fungus to evolve.
Press: ? - help, Dir - move target cursor, f - toadstool
Aim: a toadstool (peaceful, can evolve into a wandering mushroom)
The damp floor, spattered with blood.
The toadstool can now pick up its mycelia and move.
Your piety has decreased.
Select plant or fungus to evolve.
Press: ? - help, Dir - move target cursor, f - toadstool, p - wandering mushroom
Aim: a toadstool (peaceful, can evolve into a wandering mushroom)
The damp floor.
The toadstool can now pick up its mycelia and move.
Your piety has decreased.
Select plant or fungus to evolve.
Press: ? - help, Dir - move target cursor, f - toadstool, p - wandering mushroom
Aim: a toadstool (peaceful, can evolve into a wandering mushroom) Some shallow water.
The toadstool can now pick up its mycelia and move.
Your piety has decreased.
You flicker for a moment.
There is an open door here.
You flicker back into view.
Press: ? - help, . - travel You can't see that place. [the floor.] Tina shouts!
You hit Tina but do no damage. You hit Tina but do no damage.
Casting: Invisibility
Confirm with . or Enter, or press ? or * to list all spells.
Aiming: Confuse
Press: ? - help, Shift-Dir - straight line, f - Tina
Aim: Tina the Cloud Mage, wielding a quick blade of electrocution and wearing the +3 robe of Clouds {+Fly rElec} (white fluffiness, chance to defeat MR: 13%)
Okay, then.
Unknown command.
Casting: Confuse
Confirm with . or Enter, or press ? or * to list all spells.
Aiming: Sticky Flame
Press: ? - help, Shift-Dir - straight line, f - Tina
Aim: Tina the Cloud Mage, wielding a quick blade of electrocution and wearing the +3 robe of Clouds {+Fly rElec} (white fluffiness)
The sticky flame hits Tina.
Tina is lightly wounded.
Tina is covered in liquid flames!
Tina burns!
Tina hits you but does no damage. x2
You are electrocuted!
Unknown command.
You hit Tina but do no damage.
Tina is lightly wounded.
Tina burns!
You barely miss Tina.
Tina is lightly wounded.
Tina casts a spell.
The winds start to flow at Tina's will.
You hit Tina.
Tina is lightly wounded.
Tina burns!
You hit Tina but do no damage.
Tina is lightly wounded.
Tina completely misses you.
You hit Tina.
Tina is lightly wounded.
Tina burns!
Tina completely misses you.
You hit Tina.
Tina is moderately wounded.
You closely miss Tina.
Tina is moderately wounded.
Tina burns!
Tina hits you with a quick blade of electrocution.
You hit Tina but do no damage.
Tina is moderately wounded.
You hit Tina.
Tina is moderately wounded.
Tina burns!
Tina hits you but does no damage.
You hit Tina.
Tina is moderately wounded.
Tina hits you with a quick blade of electrocution.
You hit Tina.
Tina is moderately wounded.
Tina burns!
You puncture Tina!
Tina is moderately wounded.
Tina casts a spell at you.
Tina creates a blast of acidic fog!
Unknown command.
Press: ? - help, v - describe, . - travel The damp floor.
There is a cloud of acidic fog here.
Unknown command.
Tina burns!
Tina casts a spell at you.
Tina creates a blast of thunder!
Evoke which item? (* to show all) (? for menu, Esc to quit)
Zapping:
E - a wand of iceblast (5/15)
Press: ? - help, Shift-Dir - straight line, f/p - Tina
Aim: Tina the Cloud Mage, wielding a quick blade of electrocution and wearing the +3 robe of Clouds {+Fly rElec} (white fluffiness, moderately wounded, covered in liquid flames, controlling the winds)
The mass of ice explodes!
The iceblast engulfs Tina.
Tina is heavily wounded.
This wand has 4 charges left.
You are standing in a thunderstorm.
You are struck by lightning!
Ouch! That really hurt!
You die...
Fedhas appreciates your contribution to the ecosystem.

.≈≈≈# ** * * * *
≈≈≈≈################# ≈ ≈
≈≈≈≈##§.#§.#..#..#§§## ** *
≈≈≈≈#§§§......§§§§..§# ,
≈≈≈≈#§§§........§.§§§#,, ≈
≈≈≈≈#§.§....§§..§§§§.#
.ff.§§§§....§§§§§§§§§+ *
≈≈≈≈#.......§§§§§§.§§#, , #≈≈≈
≈≈≈≈#§.§....§§§§@§§@§#,, , ≈≈≈≈
≈≈≈≈#§§§....§§§§§§§§§# , #≈≈≈≈
≈≈≈≈##§.#..#§§#§§#§§## * ###≈≈≈≈≈
≈≈≈≈################# ###≈≈≈≈≈≈≈
.≈≈≈####################≈≈≈≈≈≈≈..
...≈≈≈≈≈≈≈≈≈≈≈≈≈≈≈≈≈≈≈≈≈≈≈≈≈≈....
▓▓............................▓▓▓
§####################.......###≈§
§§ §≈§§≈≈≈≈≈▓▓▓≈≈≈≈≈▓▓.......▓▓§§


You could see Tina the Cloud Mage (burning).

Vanquished Creatures
  Gastronok (Lair:2)
  An emperor scorpion (Spider:2)
  An orc warlord (Orc:2)
  A stone giant (Vaults:1)
  3 merfolk javelineers
  Snorg (Lair:7)
  A spark wasp (Spider:3)
  A minotaur (Lab)
  7 merfolk impalers
  An ice dragon (Vaults:1)
  A rakshasa (D:13)
  2 entropy weavers (Spider:1)
  Harold (Lair:4)
  2 centaur warriors
  3 ogre magi
  A spriggan air mage (WizLab)
  5 hydras
  A catoblepas (Lair:6)
  A wandering mushroom (Shoals:1)
  A merfolk avatar (Shoals:2)
  A merfolk aquamancer (Shoals:3)
  13 death yaks
  Sonja (D:12)
  A skeletal warrior (D:14)
  2 deep trolls (Orc:2)
  An unseen horror (D:14)
  A sea snake (shapeshifter) (D:14)
  An orc knight (Orc:1)
  6 sea snakes
  A wolf spider zombie (D:12)
  4 hill giants
  9 harpies
  A wizard (D:14)
  8 wolf spiders
  13 orb spiders
  2 ironbrand convokers (Vaults:1)
  2 orc sorcerers (Orc:2)
  9 fauns
  13 griffons
  2 hornets
  11 ugly things (D:14)
  A moth of wrath (Spider:2)
  9 manticores
  4 cyclopes
  6 elephants (Lair:3)
  8 sirens
  Joseph (D:9)
  2 water nymphs
  4 black mambas
  8 centaur skeletons
  A torpor snail (Spider:3)
  4 centaur zombies
  2 gargoyles (D:13)
  13 spiny frogs
  9 komodo dragons
  An efreet (D:14)
  2 demonic crawlers
  16 merfolk
  12 trolls
  6 polar bears (Lair:8)
  A tengu conjurer (D:14)
  8 wind drakes
  22 jumping spiders
  10 two-headed ogres
  3 blink frogs (Lair:4)
  6 slime creatures
  The ghost of Mulkerokala the Ducker, an amateur OpFi (D:4)
  9 snapping turtles
  12 air elementals (WizLab)
  42 redbacks
  A shadow (D:14)
  A wraith (D:13)
  9 spriggans (Lair:8)
  14 humans (D:14)
  4 water elementals (Shoals:3)
  16 tarantellas
  A steam dragon (Lair:5)
  Grum (D:8)
  A basilisk (Lair:4)
  26 yaks
  10 hippogriffs
  8 vampire mosquitoes
  3 wargs (Orc:2)
  2 hungry ghosts
  A soldier ant (shapeshifter) (D:14)
  8 insubstantial wisps (WizLab)
  9 porcupines
  11 water moccasins
  6 sky beasts
  A black bear (shapeshifter) (D:12)
  35 ogres
  A phantom (D:4)
  6 ice beasts
  13 orc warriors
  4 wasps (Lair:8)
  5 black bears (Lair:8)
  27 wolves
  3 boggarts (D:11)
  11 centaurs
  3 big kobolds
  12 crocodiles
  2 wyvern zombies
  15 giant frogs
  2 scorpions
  8 killer bees (D:12)
  13 wights
  3 howler monkeys
  3 crimson imps
  2 quasits
  A human zombie (D:14)
  4 jellies
  9 hounds
  7 orc priests
  22 orc wizards
  2 giant frog skeletons
  8 iguanas
  6 worker ants
  Natasha (twice) (D:3)
  14 sheep
  A mummy (D:14)
  A worker ant zombie (D:8)
  4 gnolls
  A gnoll (shapeshifter) (D:14)
  12 adders
  49 river rats
  4 shadow imps
  2 white imps (Vaults:1)
  4 oozes
  An adder skeleton (D:8)
  An adder zombie (D:8)
  4 giant geckos
  64 orcs
  5 giant cockroaches
  5 hobgoblins
  14 jackals
  6 quokkas
  A ball python (D:7)
  10 bats
  2 giant gecko skeletons
  8 giant newts
  8 goblins
  A jackal zombie (D:6)
  21 kobolds
  5 rats
  3 toadstools
974 creatures vanquished.

Vanquished Creatures (collateral kills)
  A merfolk javelineer (Shoals:3)
  A centaur warrior (D:14)
  A death yak (Lair:7)
  4 sea snakes
  A wolf spider (Spider:2)
  A manticore (Shoals:4)
  A griffon (Lair:4)
  A rime drake (Lair:7)
  A demonic crawler (Spider:1)
  A troll (Orc:2)
  A spriggan druid (Lair:8)
  A two-headed ogre (Orc:2)
  2 merfolk
  15 air elementals (WizLab)
  A spriggan (Lair:8)
  A shadow (D:11)
  A tarantella (Spider:3)
  2 redbacks (Spider:2)
  6 yaks
  A water elemental (Shoals:3)
  A hippogriff (D:10)
  2 water moccasins (Lair:8)
  A porcupine (Lair:1)
  An orc warrior (D:11)
  The ghost of Duskembrace the Ruffian, an amateur TrMo (D:3)
  An eye of draining (D:11)
  An ogre (D:4)
  A black bear (Lair:8)
  A wasp (Lair:8)
  2 phantoms
  3 wolves
  2 boggarts (D:11)
  A crocodile (D:10)
  A quasit (D:10)
  A hound (D:4)
  A jelly (D:11)
  6 orc priests
  2 iguanas
  2 worker ants
  3 adders
  12 river rats
  A giant gecko (D:3)
  5 orcs
  A goblin (D:3)
  A hobgoblin (D:3)
  4 jackals
  A kobold (D:3)
103 creatures vanquished.

Vanquished Creatures (others)
  2 oklob plants (Shoals:4)
  A human (D:14)
  An ogre (Orc:2)
  An orc (Orc:1)
  40 wandering mushrooms
  A bush (Lair:8)
  19 fungi
  26 plants
  921 toadstools
1012 creatures vanquished.

Grand Total: 2089 creatures vanquished

Notes
Turn   | Place    | Note
--------------------------------------------------------------
     0 | D:1      | magipi the Spriggan Fire Elementalist began the quest for the Orb.
     0 | D:1      | Reached XP level 1. HP: 9/9 MP: 5/5
   241 | D:1      | Reached skill level 1 in Conjurations
   241 | D:1      | Reached XP level 2. HP: 13/13 MP: 2/6
   534 | D:2      | Reached XP level 3. HP: 16/16 MP: 8/8
  1020 | D:2      | Found a white marble altar of Elyvilon.
  1249 | D:2      | Reached XP level 4. HP: 12/21 MP: 4/9
  1674 | D:3      | Noticed Duskembrace's ghost (amateur TrMo)
  1704 | D:3      | Learned a level 3 spell: Conjure Flame
  2118 | D:3      | Noticed Natasha
  2247 | D:4      | Noticed an ogre
  2268 | D:4      | Killed an ogre
  2268 | D:4      | Reached XP level 5. HP: 24/24 MP: 5/10
  2296 | D:4      | Noticed a phantom
  2363 | D:4      | Killed a phantom
  2363 | D:4      | Reached XP level 6. HP: 28/28 MP: 1/11
  2603 | D:5      | Entered Level 5 of the Dungeon
  2928 | D:5      | Noticed a sky beast
  2959 | D:5      | Killed a sky beast
  3046 | D:4      | Noticed Mulkerokala's ghost (amateur OpFi)
  3298 | D:5      | Found a blossoming altar of Fedhas.
  3307 | D:5      | Became a worshipper of Fedhas Madash
  3664 | D:5      | Reached skill level 5 in Fire Magic
  3821 | D:5      | Reached XP level 7. HP: 32/32 MP: 6/12
  4203 | D:6      | Learned a level 4 spell: Sticky Flame
  4607 | D:6      | Reached skill level 1 in Short Blades
  4700 | D:7      | Found Ononihom's Armour Emporium.
  4705 | D:7      | Bought a +0 cloak for 63 gold pieces
  4797 | D:7      | Reached skill level 4 in Stealth
  5179 | D:6      | Reached skill level 5 in Stealth
  5179 | D:6      | Reached XP level 8. HP: 36/36 MP: 10/15
  5374 | D:7      | Found a staircase to the Ecumenical Temple.
  5384 | Temple   | Entered the Ecumenical Temple
  5707 | D:7      | Reached skill level 5 in Conjurations
  5743 | D:8      | Reached skill level 6 in Stealth
  5877 | D:8      | Got a smoking spear
  5924 | D:8      | Noticed Grum
  6663 | D:8      | Reached skill level 7 in Stealth
  6896 | D:8      | Killed Grum
  7199 | D:8      | Reached XP level 9. HP: 39/39 MP: 16/16
  7339 | D:8      | Reached skill level 5 in Short Blades
  7354 | D:8      | Reached skill level 8 in Stealth
  7411 | D:8      | Reached * piety under Fedhas
  8303 | D:4      | Reached ** piety under Fedhas
  8651 | D:3      | Killed Duskembrace's ghost
  8685 | D:3      | Killed Natasha
  8727 | D:3      | Noticed Natasha
  8733 | D:3      | Killed Natasha
  8860 | D:4      | Killed Mulkerokala's ghost
  8939 | D:4      | Reached skill level 5 in Dodging
  9409 | D:9      | Identified the cursed +3 spear "Riewaq" {venom, rC+} (You found it on level 8 of the Dungeon)
  9549 | D:8      | Gained mutation: You can translocate small distances at will. [potion of beneficial mutation]
  9550 | D:8      | Gained mutation: You passively map a small area around you. [potion of beneficial mutation]
  9551 | D:8      | Reached XP level 10. HP: 53/53 MP: 16/18
  9564 | D:9      | Noticed Joseph
  9934 | D:9      | Killed Joseph
 10162 | D:9      | Reached *** piety under Fedhas
 10751 | D:10     | Entered Level 10 of the Dungeon
 11074 | D:10     | Reached **** piety under Fedhas
 11119 | D:10     | Reached XP level 11. HP: 56/56 MP: 19/19
 11527 | D:10     | Learned a level 6 spell: Invisibility
 11687 | D:10     | Reached skill level 1 in Hexes
 11687 | D:10     | Reached skill level 10 in Evocations
 11953 | D:10     | Found a staircase to the Lair.
 12224 | D:10     | Learned a level 3 spell: Inner Flame
 12461 | D:11     | Reached skill level 5 in Spellcasting
 12685 | D:11     | Found a staircase to the Orcish Mines.
 13012 | D:11     | Reached skill level 5 in Hexes
 13545 | D:12     | Reached ***** piety under Fedhas
 14006 | D:12     | Noticed Sonja
 14039 | D:12     | Killed Sonja
 14411 | D:12     | Noticed a four-headed hydra
 15020 | Lair:1   | Entered Level 1 of the Lair of Beasts
 15104 | Lair:1   | Reached XP level 12. HP: 61/61 MP: 19/25
 15818 | Lair:1   | Noticed a seven-headed hydra
 15902 | Lair:1   | Killed a seven-headed hydra
 16212 | Lair:2   | Found a labyrinth entrance.
 16229 | Lab      | Entered a labyrinth
 16474 | Lab      | Noticed a minotaur
 16526 | Lab      | Killed a minotaur
 16526 | Lab      | Reached skill level 10 in Hexes
 16532 | Lab      | Got a bound turquoise ring
 16534 | Lab      | Identified the ring "Xidej" {Str+4 Dex+2 SInv Stlth+} (You took it off a minotaur in a labyrinth)
 16570 | Lab      | Got a smoking pewter ring
 16570 | Lab      | Got a smoking amber ring
 16572 | Lab      | Identified the ring of Fixation {Wiz Int+3 Stlth+} (You found it in a labyrinth)
 16574 | Lab      | Identified the ring "Viprum" {SInv Stlth+} (You found it in a labyrinth)
 16588 | Lair:2   | Identified a +4 rod of ignition (12/12) (You took it off a minotaur in a labyrinth)
 16814 | Lair:2   | Noticed Gastronok
 16842 | Lair:2   | Noticed an eight-headed hydra
 16882 | Lair:2   | Reached skill level 9 in Stealth
 17633 | Lair:2   | Killed an eight-headed hydra
 17633 | Lair:2   | Reached skill level 10 in Spellcasting
 17818 | Lair:2   | Killed Gastronok
 17818 | Lair:2   | Reached skill level 10 in Stealth
 18240 | Lair:3   | Reached XP level 13. HP: 65/65 MP: 21/28
 18628 | Lair:4   | Reached skill level 11 in Stealth
 18686 | Lair:4   | Noticed Harold
 18783 | Lair:4   | Found a dark tunnel.
 18788 | Lair:4   | Killed Harold
 19033 | Lair:4   | Found a staircase to the Shoals.
 19137 | Lair:4   | Reached skill level 10 in Short Blades
 19137 | Lair:4   | Reached skill level 10 in Dodging
 19146 | Lair:4   | Reached ****** piety under Fedhas
 19508 | Lair:5   | Found a hole to the Spider Nest.
 19934 | Lair:5   | Reached skill level 12 in Stealth
 20483 | Lair:6   | Found a staircase to the Slime Pits.
 20979 | Lair:7   | Reached skill level 1 in Invocations
 21163 | Lair:7   | Noticed Snorg
 21179 | Lair:7   | Killed Snorg
 21412 | Lair:7   | Reached skill level 5 in Invocations
 21593 | Lair:7   | Learned a level 3 spell: Confuse
 21791 | Lair:8   | Entered Level 8 of the Lair of Beasts
 21797 | Lair:8   | Reached XP level 14. HP: 73/73 MP: 29/29
 24541 | Orc:1    | Entered Level 1 of the Orcish Mines
 24722 | Orc:2    | Entered Level 2 of the Orcish Mines
 25058 | Orc:2    | Noticed an orc warlord
 25066 | Orc:2    | Found a roughly hewn altar of Beogh.
 25125 | Orc:2    | Killed an orc warlord
 25857 | Orc:2    | Found a staircase to the Elven Halls.
 26067 | Orc:2    | Found Okentamp's Armour Emporium.
 26518 | Orc:1    | Reached skill level 10 in Fighting
 26522 | Orc:1    | Paralysed by an orc sorcerer for 3 turns
 26926 | Orc:2    | Reached skill level 1 in Throwing
 27940 | Orc:2    | Reached skill level 5 in Throwing
 27958 | Orc:2    | Found Wufiotha's Assorted Antiques.
 27961 | Orc:2    | Found Ezatoe's Weapon Boutique.
 27981 | Orc:2    | Found Neleeb's Food Shoppe.
 28014 | Orc:2    | Bought 3 scrolls of identify for 222 gold pieces
 28014 | Orc:2    | Bought 2 lumpy cyan potions for 66 gold pieces
 28014 | Orc:2    | Bought a scroll of identify for 74 gold pieces
 28694 | D:13     | Reached XP level 15. HP: 80/80 MP: 30/30
 29304 | D:13     | Found a portal to a secret trove of treasure.
 29557 | D:7      | Bought a +1 gold dragon armour for 1218 gold pieces
 29711 | D:13     | You paid a toll of a +2 gold dragon armour to enter a treasure trove
 29712 | Trove    | Entered a treasure trove
 29738 | Trove    | Got a fine ivory ring
 29740 | Trove    | Identified the ring of Taleisin {*Confuse rC+ Str+3} (You found it in a treasure trove)
 29742 | Trove    | Got a wavering ivory ring
 29744 | Trove    | Identified the ring of the Jolly Tales {rN+ Slay+3} (You found it in a treasure trove)
 29944 | D:14     | Found a gate to the Vaults.
 30599 | Spider:1 | Entered Level 1 of the Spider Nest
 32128 | Spider:1 | Reached skill level 10 in Throwing
 32333 | Spider:2 | Got a crystal long sword
 32334 | Spider:2 | Identified the cursed +0 long sword of Disembowelment {antimagic, Fragile rC+++ Int+4} (You found it on level 2 of the Spider Nest)
 33382 | Spider:3 | Noticed Mara
 33640 | Spider:4 | Entered Level 4 of the Spider Nest
 33832 | Spider:4 | Noticed Aizul
 34344 | Shoals:1 | Entered Level 1 of the Shoals
 34819 | Shoals:1 | Reached XP level 16. HP: 85/85 MP: 27/31
 36285 | Shoals:2 | Identified a scroll of acquirement
 36288 | Shoals:2 | Got a tattered robe
 36335 | Shoals:2 | Identified the +1 robe of Neson {Int+3} (You acquired it on level 2 of the Shoals)
 36425 | Shoals:2 | Learned a level 2 spell: Ensorcelled Hibernation
 36429 | Shoals:2 | Learned a level 3 spell: Dazzling Spray
 36575 | Shoals:4 | Entered Level 4 of the Shoals
 36576 | Shoals:4 | Found Mius's Antique Weapon Boutique.
 36588 | Shoals:4 | Reached skill level 1 in Ice Magic
 38932 | Shoals:3 | Reached skill level 5 in Ice Magic
 39589 | Shoals:4 | Noticed Ilsuiw
 40346 | Shoals:4 | Got a barnacled rune of Zot
 40365 | Shoals:4 | Bought a crystal rapier for 261 gold pieces
 40396 | Shoals:3 | Identified the +7 rapier of the Doomed Warrior {flame, Str-2 Int+8 Dex+5} (You bought it in a shop on level 4 of the Shoals)
 41684 | D:14     | Reached XP level 17. HP: 89/89 MP: 27/32
 41796 | Vaults:1 | Entered Level 1 of the Vaults
 42118 | Vaults:1 | Found a magical portal.
 42132 | WizLab   | Entered The Chambers of Tina the Cloud Mage
 42980 | WizLab   | Noticed Tina
 43501 | WizLab   | Engulfed by Tina the Cloud Mage's thunder

Skill      XL: |  1  2  3  4  5  6  7  8  9 10 11 12 13 14 15 16 17 |
---------------+----------------------------------------------------+-----
Conjurations   | 1 2 3 4 5 6 7 9 |  9.0
Fire Magic     | 3 4 5 6 8 9 |  9.0
Spellcasting   | 4 8 10 | 10.3
Short Blades   | 2 4 6 7 8 9 10 | 10.0
Stealth        | 5 7 8 10 12 | 12.0
Dodging        | 5 6 7 9 11 | 11.0
Fighting       | 6 8 10 | 10.0
Evocations     | 9 10 | 10.0
Hexes          | 7 10 | 10.0
Invocations    | 5 8 |  8.6
Throwing       | 6 10 | 10.0
Ice Magic      | 8 9 |  9.5

Action                   |  1- 3 |  4- 6 |  7- 9 | 10-12 | 13-15 | 16-18 || total
-------------------------+-------+-------+-------+-------+-------+-------++-------
Melee: Unarmed           |     8 |       |       |       |       |       ||     8
       Dagger            |    30 |    38 |   228 |   625 |  1179 |   836 ||  2936
 Fire: Blowgun           |       |       |       |    44 |   135 |       ||   179
 Cast: Flame Tongue      |    58 |    89 |   143 |    77 |    22 |       ||   389
       Conjure Flame     |       |     3 |     8 |     9 |       |     3 ||    23
       Sticky Flame      |       |       |    16 |    58 |   118 |    34 ||   226
       Invisibility      |       |       |       |     5 |    39 |    22 ||    66
       Confuse           |       |       |       |       |    36 |    22 ||    58
       Ensorcelled Hiber |       |       |       |       |       |     8 ||     8
Invok: Evolution         |       |       |     3 |     8 |    24 |    21 ||    56
Evoke: Wand              |       |     6 |     1 |     6 |    17 |     4 ||    34
       Sack of spiders   |       |       |       |     1 |     2 |     1 ||     4
  Use: Scroll            |       |       |    21 |    11 |    21 |     4 ||    57
       Potion            |       |       |     3 |     5 |     7 |     5 ||    20
 Stab: Sleeping          |     8 |     6 |    11 |    59 |   146 |    61 ||   291
       Distracted        |       |       |     3 |     3 |    15 |     7 ||    28
       Confused          |       |       |       |     1 |    28 |    13 ||    42
       Invisible         |       |       |       |    12 |    94 |    83 ||   189
  Eat: Pizza             |       |     1 |       |       |     2 |     2 ||     5
       Bread ration      |       |       |     2 |     3 |     5 |     3 ||    13
       Royal jelly       |       |       |       |     1 |     2 |     1 ||     4
Armor: Robe              |     8 |    13 |    15 |    29 |    48 |    39 ||   152
Dodge: Dodged            |    51 |    39 |   185 |   444 |   811 |   719 ||  2249

Action                   |  1- 3 |  4- 6 |  7- 9 | 10-12 | 13-15 | 16-18 || total
-------------------------+-------+-------+-------+-------+-------+-------++-------
Melee: Unarmed           |     8 |       |       |       |       |       ||     8
       Dagger            |    30 |    38 |   228 |   625 |  1179 |   836 ||  2936
 Fire: Blowgun           |       |       |       |    44 |   135 |       ||   179
 Cast: Flame Tongue      |    58 |    89 |   143 |    77 |    22 |       ||   389
       Conjure Flame     |       |     3 |     8 |     9 |       |     3 ||    23
       Sticky Flame      |       |       |    16 |    58 |   118 |    34 ||   226
       Invisibility      |       |       |       |     5 |    39 |    22 ||    66
       Confuse           |       |       |       |       |    36 |    22 ||    58
       Ensorcelled Hiber |       |       |       |       |       |     8 ||     8
Invok: Evolution         |       |       |     3 |     8 |    24 |    21 ||    56
Evoke: Wand              |       |     6 |     1 |     6 |    17 |     4 ||    34
       Sack of spiders   |       |       |       |     1 |     2 |     1 ||     4
  Use: Scroll            |       |       |    21 |    11 |    21 |     4 ||    57
       Potion            |       |       |     3 |     5 |     7 |     5 ||    20
 Stab: Sleeping          |     8 |     6 |    11 |    59 |   146 |    61 ||   291
       Distracted        |       |       |     3 |     3 |    15 |     7 ||    28
       Confused          |       |       |       |     1 |    28 |    13 ||    42
       Invisible         |       |       |       |    12 |    94 |    83 ||   189
  Eat: Pizza             |       |     1 |       |       |     2 |     2 ||     5
       Bread ration      |       |       |     2 |     3 |     5 |     3 ||    13
       Royal jelly       |       |       |       |     1 |     2 |     1 ||     4
Armor: Robe              |     8 |    13 |    15 |    29 |    48 |    39 ||   152
Dodge: Dodged            |    51 |    39 |   185 |   444 |   811 |   719 ||  2249
